[Event "*** Titled Tuesday Blitz"]
[Site "Chess.com"]
[Date "2019.04.02"]
[Round "2"]
[White "SavelijTartakover"]
[Black "DanielMieles1985"]
[Result "1-0"]
[WhiteElo "2568"]
[BlackElo "2675"]
[TimeControl "180+2"]
[EndTime "14:25:44 PDT"]
[Termination "SavelijTartakover won by resignation"]

1. d4 Nf6 2. Bg5 e6 3. e4 h6 4. Bxf6 Qxf6 5. c3 e5 6. Nf3 d6 7. Bc4 Be7 8. O-O O-O 9. h3 c6 10. Nbd2 Bd8 11. Re1 b5 12. Bb3 Bb6 13. a4 bxa4 14.
Rxa4 exd4 15. cxd4 Be6 16. Bxe6 Qxe6 17. Nc4 Nd7 18. Qc2 d5 19. exd5 Qxd5 20. Nxb6 axb6 21. Rc4 c5 22. dxc5 Nxc5 23. b4 Ne6 24. Rd1 Qb5 25.
Nd4 Nxd4 26. Rcxd4 Rac8 27. Qd3 Qxd3 28. R1xd3 Rc1+ 29. Kh2 Rb1 30. Rf3 h5 31. Rff4 f6 32. Rd6 Rb8 33. h4 Rb7 34. f3 Kf7 35. Rc6 b5 36.
Rc5 Kg6 37. g4 hxg4 38. Rxg4+ Kf7 39. h5 Rb3 40. Kg3 Rb1 41. Rh4 Rg1+ 42. Kf2 Rb1 43. h6 gxh6 44. Rxh6 Kg7 45. Rh4 Rb3 46. Kg3 Kg6 47.
Rg4+ Kf7 48. Rh5 Ke6 49. Re4+ Kd6 50. Kf4 Rb8 51. Rf5 Rh8 52. Rxf6+ Kd5 53. Rf5+ Kd6 54.
Rf6+ Kd5 55. Kg3 Rg8+ 56. Kh4 Rb1 57. Rf5+ Kd6 58. Rg4 Rxg4+ 59. fxg4 Rxb4 60. Kh5 Ke6 61. Rc5 Rb1 62. g5 Kd6 63. Rf5 Kc6 64. g6 Rh1+ 65.
Kg5 Kb6 66. g7 Rg1+ 67. Kf6 Rxg7 68. Kxg7 Ka5 69. Kf6 Kb4 70. Ke5 Kc3 71. Rf3+ Kc4 72. Rf4+ Kc3 73. Kd5 b4 74. Rf3+ 1-0

[Event "*** Titled Tuesday Blitz"]
[Site "Chess.com"]
[Date "2019.04.02"]
[Round "2"]
[White "vladimirdamjanovic"]
[Black "ChainsOfFantasia"]
[Result "1-0"]
[WhiteElo "2543"]
[BlackElo "2426"]
[TimeControl "180+2"]
[EndTime "14:25:44 PDT"]
[Termination "vladimirdamjanovic won by resignation"]

1. e4 e6 2. d4 d5 3. Nc3 Nf6 4. Bg5 dxe4 5. Nxe4 Be7 6. Bxf6 gxf6 7. g3 f5 8. Nc3 c5 9. d5 O-O 10. Bg2 exd5 11.
Qxd5 Qxd5 12. Nxd5 Bd8 13. O-O-O Nc6 14. Ne2 Be6 15.
Nef4 Bg5 16. Kb1 Rad8 17. h4 Bxf4 18. Nxf4 Rxd1+ 19. Rxd1 Rd8 20. Rxd8+ Nxd8 21. a3 Kg7 22. Kc1 Kf6 23. Kd2 Ke5 24. Ke3 Bc4 25. b3 Ba6 26. c4 Ne6 27. Nd3+ Kd6 28. Bh3 Nd4 29. b4 b6 30. b5 Bc8 31. Kf4 Be6 32. Nb2 h6 33.
a4 Ke7 34. Bf1 Kf6 35. Bd3 Nb3 36. Bc2 Nd4 37. Bd1 Bc8 38. Ke3 Bb7 39. a5 bxa5 40. Na4 Ne6 41. f4 Be4 42. g4 Bb1 43. g5+ hxg5 44. fxg5+ Kg6 45. Bf3 f4+ 46. Kd2 Kf5 47.
Bd5 Kg4 48. Bxe6+ fxe6 49. Nxc5 e5 50. Nd3 e4 51. Ne5+ Kf5 52. Nc6 Bd3 53. Nd4+ Ke5 54. Nc6+ Kf5 55. Nxa5 Kg4 56. g6 f3 57. g7 f2 58.
g8=Q+ Kxh4 59. Qh7+ Kg3 60. Qg6+ Kf3 61. Qf5+ Kg3 62.
Qe5+ Kf3 63. Qf6+ Kg3 64. Qg5+ Kf3 65. Qf5+ Kg3 66. Qg5+ Kf3 67. Qf6+ Kg3 68. Ke3 f1=Q 69. Qxf1 Bxf1 70. Kxe4 Kg4 71. Kd5 Kf5 72. Nc6 Bg2+ 73. Kc5 Ke6 74. Nxa7 Kd7 75. Nc6 Kc7 76. Ne5 Kb7 77. Kb4 Be4 78. c5 Bh1 79. Nc4 Bg2 80. c6+ Kc7 81. Kc5 Bh1 82. b6+ Kb8 83. c7+ Kb7 84.
Nd6+ 1-0

[Event "*** Titled Tuesday Blitz"]
[Site "Chess.com"]
[Date "2019.04.02"]
[Round "2"]
[White "norwaytoadog"]
[Black "saraswathii"]
[Result "0-1"]
[WhiteElo "2209"]
[BlackElo "2252"]
[TimeControl "180+2"]
[EndTime "14:25:49 PDT"]
[Termination "saraswathii won by checkmate"]

1. e4 c5 2. Nf3 e6 3. d3 Nc6 4.
g3 Nf6 5. Bg2 d5 6. Qe2 Qc7 7.
O-O Be7 8. Re1 O-O 9. e5 Nd7 10. c4 Nb6 11. Nc3 a6 12. Bf4 Nd4 13. Nxd4 cxd4 14. cxd5 Bb4 15. d6 Qd8 16. Qg4 f5 17.
exf6 Qxf6 18. Ne4 Qf5 19. Qh4 Bxe1 20. Rxe1 Nd5 21. d7 Bxd7 22. Nd6 Qf6 23. Be4 Qxh4 24. gxh4 Rxf4 25. Nxb7 Rc8 26. Nd6 Rc6 27. Nc4 Rxh4 28.
Ne5 Rc7 29. Nf3 Rf4 30. Nxd4 Nf6 31. Ne2 Rh4 32. Ng3 Nxe4 33. Nxe4 Rc2 34. Kg2 Bc6 35. Kg3 Rh6 36. Nd6 Rg6+ 37. Kf4 Rxf2+ 38. Ke3 Rxb2 39. Rc1 Rb6 40. Kd4 Bd7 41. Ne4 Rc6 42. Rb1 h6 43. h4 Rc8 44. Rb6 Bc6 45. Nd6 Rc7 46. Kc5 Bd5+ 47.
Kd4 Bxa2 48. Rb8+ Kh7 49. h5 Rg4+ 50. Ke3 Rh4 51. Ne8 Re7 52. Nd6 Rxh5 53. Ne4 Rd5 54. d4 Rc7 55. Nc5 Rcxc5 56. dxc5 Rxc5 57. Ra8 Bc4 58. Kd4 Rc6 59. Ke5 Bd5 60. Re8 a5 61. Ra8 Rc5 62. Ra7 Bc6+ 63. Kd6 Rc2 64. Kxe6 Kg6 65.
Ke5 a4 66. Kd4 h5 67. Ra6 h4 68. Kd3 Rc1 69. Kd2 Rc5 70. Ke3 Kf5 71. Kf2 Rc2+ 72.
Kg1 h3 73. Ra5+ Kg4 74. Re5 h2+ 75. Kf1 h1=Q# 0-1

[Event "*** Titled Tuesday Blitz"]
[Site "Chess.com"]
[Date "2019.04.02"]
[Round "2"]
[White "RayRobson"]
[Black "iLuusions"]
[Result "0-1"]
[WhiteElo "2834"]
[BlackElo "2616"]
[TimeControl "180+2"]
[EndTime "14:25:58 PDT"]
[Termination "iLuusions won by checkmate"]

1. e4 e6 2. d4 d5 3. Nc3 dxe4 4. Nxe4 Nd7 5. Nf3 Ngf6 6. Nxf6+ Nxf6 7. Be3 Nd5 8. Bd2 c5 9. Bb5+ Bd7 10. Bxd7+ Qxd7 11. c4 Nb6 12. Rc1 Rc8 13. dxc5 Bxc5 14. b4 Be7 15. c5 Nd5 16. Ne5 Qc7 17. Qa4+ Kf8 18. Nc4 a6 19. O-O h5 20. Qb3 h4 21. h3 Kg8 22.
Rfe1 Rh5 23. a4 Rd8 24. Rc2 Nf4 25. Bxf4 Qxf4 26. Na5 Rd7 27. Rc4 Qd2 28. Rcc1 Rhd5 29.
Nc4 Qf4 30. Nb6 Rd3 31. Qb1 R7d4 32. b5 axb5 33. axb5 Rd2 34. Rf1 Bf6 35. Rce1 Be5 36. Rxe5 Qxe5 37. c6 bxc6 38. bxc6 Qc7 39. Nd7 Qxc6 40.
Qb8+ Kh7 41. Nf8+ Kh6 42. Qe5 Qd5 43. Qe3+ Qg5 44. Qf3 Qf6 45. Qe3+ Qf4 46. Qb3 Rd8 47.
Qa3 Qd6 48. Qe3+ g5 49. f4 Qxf8 50. fxg5+ Kh7 51. Qe4+ Kg8 52. g6 f6 53. Qxh4 Qg7 54. Rxf6 Rd1+ 55. Kh2 Qc7+ 56. Rf4 R8d4 57. Qh7+ Qxh7 58.
gxh7+ Kxh7 59. Rf6 e5 60. Re6 Re4 61. Kg3 Kg7 62. Kf3 Rde1 63. g3 Kf7 64. Ra6 R1e3+ 65. Kg2 Rc4 66. h4 Rcc3 67. h5 Rxg3+ 68. Kf2 Rh3 69. h6 Rc2+ 70. Kg1 Rb3 71. Ra1 Kg6 72. Re1 Kxh6 73. Kh1 Kg6 74. Kg1 Kf5 75. Kh1 e4 76.
Kg1 Kf4 77. Kh1 e3 78. Kg1 Kf3 79. Kf1 Rf2+ 80. Kg1 Rd3 81. Kh1 e2 82. Rg1 Rd1 83.
Rf1 Rdxf1# 0-1

[Event "*** Titled Tuesday Blitz"]
[Site "Chess.com"]
[Date "2019.04.02"]
[Round "2"]
[White "VeraNebolsina"]
[Black "maciek_92"]
[Result "1/2-1/2"]
[WhiteElo "2409"]
[BlackElo "2670"]
[TimeControl "180+2"]
[EndTime "14:26:07 PDT"]
[Termination "Game drawn by agreement"]

1. e4 e5 2. Nf3 Nc6 3. Nc3 Nf6 4. d4 exd4 5. Nxd4 Bc5 6. Be3 Bb4 7. Nxc6 bxc6 8. Bd3 d5 9. exd5 Nxd5 10. Bd2 O-O 11. O-O Nxc3 12. bxc3 Bd6 13. Qh5 g6 14. Qh6 Be5 15. Rfe1 Bg7 16. Qf4 Be6 17. Rad1 Re8 18. c4 Rb8 19. Ba5 Qd6 20. Bxc7 Qxf4 21. Bxf4 Rb2 22.
a3 Bc3 23. Be5 Bxe5 24. Rxe5 Rd8 25. Rde1 Rd4 26. Rc5 Rb6 27. a4 Rd6 28. Ra5 Rb7 29. c5 Rd4 30. f3 Kf8 31. Ra6 Bd5 32. Kf2 Rbb4 33. c3 Rb2+ 34. Re2 Rxd3 35. Rxb2 Rxc3 36. Rxa7 Rxc5 37. a5 Rc3 38. a6 Ra3 39. Re2 c5 40.
Re5 Bc4 41. Rxc5 Bxa6 42. Rc6 Ra2+ 43. Kg3 Bc4 44. Rxa2 Bxa2 45. Kf4 Kg7 46. h4 h5 47. Kg5 Bd5 48. Rd6 Bc4 49. Rb6 Bf1 50. g3 Be2 51. Rb3 Bc4 52. Rc3 Bd5 53. g4 hxg4 54. fxg4 Be6 55.
Rf3 Bd5 56. Re3 Bc4 57. Kf4 Kf6 58. g5+ Kg7 59. Re7 Bd5 60. Ke5 Bb3 61. Kd6 Ba2 62.
Kc7 Bb3 63. Kd8 Ba2 64. Ke8 Bb3 65. Rc7 Ba2 66. Ke7 Bb3 67. Rc3 Ba2 68. Rh3 Be6 69.
Rh2 Bd5 70. Kd6 Bc4 71. Ke5 Bb3 72. h5 gxh5 73. Rxh5 Kg6 74. Rh3 Be6 75. Rg3 Bc4 76.
Kd6 Be6 77. Ke5 Bc4 78. Rc3 Be6 79. Kf4 Ba2 80. Rc6+ Be6 81. Rb6 Kh5 82. Rb8 Kg6 83. Rg8+ Kh7 84. Rf8 Kg7 85. Rb8 Kg6 86. Rh8 Kg7 87. Rh6 Ba2 88. Rf6 Bb1 89. Ke5 Ba2 90. Kd6 Be6 91. Ke7 Ba2 92. Rf2 Bb3 1/2-1/2

[Event "*** Titled Tuesday Blitz"]
[Site "Chess.com"]
[Date "2019.04.02"]
[Round "2"]
[White "Satscho"]
[Black "advantageLucy"]
[Result "0-1"]
[WhiteElo "2301"]
[BlackElo "2498"]
[TimeControl "180+2"]
[EndTime "14:26:07 PDT"]
[Termination "advantageLucy won by resignation"]

1. e4 e6 2. d4 d5 3. exd5 exd5 4. Nf3 Nc6 5. Bb5 Bd6 6. O-O Ne7 7.
Re1 O-O 8. c3 Bf5 9. Bd3 h6 10.
Bxf5 Nxf5 11. Nbd2 Qf6 12. Nf1 Rae8 13. Ng3 Nxg3 14.
hxg3 Rxe1+ 15. Qxe1 Ne7 16. g4 Ng6 17. g5 hxg5 18.
Bxg5 Qf5 19. Qd2 f6 20. Be3 Re8 21. Re1 Re4 22. b3 c6 23. c4 Rg4 24. Qe2 Qh5 25.
cxd5 cxd5 26. g3 Re4 27. Nd2 Qxe2 28. Rxe2 Re7 29. Kg2 Rc7 30. Nf1 Ne7 31. Bf4 Bxf4 32. gxf4 Nf5 33. Ne3 Nxd4 34. Rd2 Ne6 35. Nxd5 Rc5 36.
Kf3 Kf7 37. Ne3 Rh5 38. Rd7+ Ke8 39. Rxb7 Rh3+ 40. Ke2 Nxf4+ 41. Kd2 g5 42. Rxa7 Rh2 43. Nd1 g4 44. Ke3 Nd5+ 45. Ke4 Nb4 46. a3 Nc2 47. b4 Rh1 48. Ne3 Re1 49. b5 g3 50.
Kf3 gxf2 51. Kxf2 Rxe3 52. Rc7 Rxa3 53. Rxc2 Rb3 54. Rc5 Ke7 55. Rh5 Ke6 56. Ke2 f5 57.
b6 Ke5 58. Rh6 Ke4 59. Re6+ Kd5 60. Rf6 Ke5 61. Rh6 f4 62. Rh5+ Ke4 63. Rh6 Rb2+ 64. Ke1 Ke3 65. Re6+ Kf3 66. Rg6 Rb1+ 67. Kd2 Kf2 68.
Kd3 f3 69. Ke4 Rb4+ 70. Kd3 Kf1 71. Kd2 f2 72. Kd1 Rd4+ 73. Kc2 Ke2 74. Re6+ Kf3 75. Rf6+ Kg3 76. Rg6+ Kf3 77. Rf6+ Ke2 78. Re6+ Kf1 79.
Rf6 Rc4+ 80. Kd3 Rb4 81. Kc3 Rb5 82. Kc4 Rb2 83. Kc3 Rb5 84. Kc4 Rb1 85. Kd3 Kg2 86. Rg6+ Kh3 87. Rh6+ Kg4 88. Rg6+ Kh5 89. Rf6 f1=Q+ 90.
Rxf1 Rxf1 0-1

[Event "*** Titled Tuesday Blitz"]
[Site "Chess.com"]
[Date "2019.04.02"]
[Round "2"]
[White "VFernandezB"]
[Black "effefe"]
[Result "1/2-1/2"]
[WhiteElo "2181"]
[BlackElo "2250"]
[TimeControl "180+2"]
[EndTime "14:26:14 PDT"]
[Termination "Game drawn - insufficient material"]

1. d4 Nf6 2. Nf3 g6 3. g3 Bg7 4.
Bg2 O-O 5. O-O d6 6. c4 Nc6 7. Nc3 Bf5 8. b3 e5 9. dxe5 dxe5 10. Bg5 h6 11. Qxd8 Raxd8 12. Bxf6 Bxf6 13. Nd5 Bg7 14. Rad1 Rd7 15. Rd2 Nd4 16. Rfd1 c6 17. Ne3 Be6 18.
Nxd4 exd4 19. Nc2 Rfd8 20. Ne1 Bg4 21. Nd3 Re7 22. Re1 Rde8 23. Kf1 h5 24. h3 Bf5 25.
Red1 Bh6 26. Rc2 Kh7 27. b4 Bg7 28. Rb2 Be6 29. Rc2 Rc8 30. a3 b5 31. cxb5 Bb3 32.
Rdc1 Bxc2 33. Rxc2 c5 34. bxc5 Bf8 35. a4 Rd7 36. c6 Rdc7 37. h4 Be7 38. Bh3 Rb8 39. Nc5 Bxc5 40. Rxc5 Rd8 41. Bd7 Kg7 42. Rd5 Kf6 43. Rxd4 Ke5 44. e3 f5 45. Ke2 Rb8 46.
Rb4 Kd6 47. a5 Kc5 48. b6 axb6 49. axb6 Rxb6 50. Rxb6 Kxb6 51. Kf3 Ra7 52. Kf4 Ra2 53. Kg5 Rxf2 54. Kxg6 Rf3 55. Bxf5 Rxg3+ 56. Kxh5 Rxe3 57.
Bd7 Rg3 58. Kh6 Kc7 59. h5 Kd8 60. Kh7 Ke7 61. h6 Rg5 62. Kh8 Rg6 63. Kh7 Rg5 64.
Bc8 Kf6 65. Ba6 Rc5 66. Bb7 Kf7 67. Kh8 Rh5 68. Kh7 Rc5 69. Ba8 Ra5 70. Bb7 Rc5 71. Ba8 Rc4 72. Bb7 Rc5 73. Ba8 Re5 74. Bb7 Re7 75. Bc8 Kf8+ 76. Kh8 Re5 77. Bd7 Rh5 78.
Kh7 Rc5 79. Kg6 Kg8 80. Kf6 Kh7 81. Ke6 Kxh6 82. Kd6 Rc1 83. c7 Rxc7 84. Kxc7 1/2-1/2

[Event "*** Titled Tuesday Blitz"]
[Site "Chess.com"]
[Date "2019.04.02"]
[Round "2"]
[White "Chesstrainer1"]
[Black "Shant_Sargsyan"]
[Result "1/2-1/2"]
[WhiteElo "2397"]
[BlackElo "2938"]
[TimeControl "180+2"]
[EndTime "14:26:15 PDT"]
[Termination "Game drawn - insufficient material"]

1. d4 g6 2. c4 Bg7 3. Nc3 d6 4. e4 c5 5. d5 Nf6 6. Bd3 O-O 7. h3 e5 8. Nf3 Nh5 9. g3 f5 10. exf5 gxf5 11. Ng5 Qe8 12. Nb5 e4 13. Be2 Nxg3 14.
fxg3 h6 15. Nc7 Qe5 16. Bf4 Qxb2 17. Rb1 Qc3+ 18. Kf1 hxg5 19. Bxd6 Rf6 20. Be7 Rf7 21. Rb3 Qe5 22. d6 Nc6 23. Bxg5 f4 24. Bxf4 Rxf4+ 25. gxf4 Qxf4+ 26. Kg2 Rb8 27. Rg3 Nd4 28. Rf1 Qe5 29. Qd2 Nf5 30. Qd5+ Qxd5 31. Nxd5 Nxg3 32. Ne7+ Kh7 33.
Nxc8 Nxf1 34. d7 Ne3+ 35. Kf2 Bf6 36. Kxe3 b5 37. cxb5 Rb7 38. Bg4 c4 39. Kxe4 Rc7 40.
Nd6 Rc5 41. Ne8 Bd8 42. Bd1 c3 43. Bc2 Kg8 44. a4 Kf8 45. Kd4 Rh5 46. Nd6 Ke7 47.
Nb7 Kxd7 48. Nxd8 Kxd8 49. Kxc3 Rxh3+ 50. Kb4 Rh4+ 51. Ka5 Kc7 52. Ka6 Rc4 53. Bb3 Rb4 54.
Bd1 Kb8 55. Ka5 Rb2 56. Bf3 Rf2 57. Bc6 Rf6 58. Bd5 Rd6 59. Be4 Rd4 60. Bf3 Kc7 61. Bg2 Kd6 62. Bf3 Kc5 63. Bg2 Rf4 64. Bh1 Rf6 65.
Bc6 Rf4 66. Bb7 Rh4 67. Bf3 Rd4 68. Bg2 Rf4 69. Bh1 Rh4 70. Bg2 Rg4 71. Bf3 Rd4 72. Bg2 Rd6 73. Bf3 Rg6 74. Bc6 Rg4 75. Bf3 Rf4 76.
Bg2 Kc4 77. Ka6 Kb4 78. Kxa7 Rf7+ 79. Ka6 Rf6+ 80. b6 Kxa4 81. Ka7 Ka5 82. b7 Ra6+ 83. Kb8 Rg6 84. Kc7 Rg7+ 85. Kc8 Rxg2 86. b8=Q Rg8+ 87. Kc7 Rxb8 88. Kxb8 1/2-1/2

[Event "*** Titled Tuesday Blitz"]
[Site "Chess.com"]
[Date "2019.04.02"]
[Round "2"]
[White "mlchen"]
[Black "amintabatabaei"]
[Result "1/2-1/2"]
[WhiteElo "2397"]
[BlackElo "2895"]
[TimeControl "180+2"]
[EndTime "14:26:32 PDT"]
[Termination "Game drawn by stalemate"]

1. e4 g6 2. d4 Bg7 3. Nc3 d6 4. f4 Nf6 5. Nf3 O-O 6. Bd3 Nc6 7. O-O e5 8. d5 Nb4 9. fxe5 dxe5 10. Bg5 Qd6 11. Kh1 Nxd3 12. cxd3 c6 13. d4 Nd7 14. dxc6 bxc6 15. d5 Bb7 16. dxc6 Qxd1 17. Rfxd1 Bxc6 18. Rd6 Rfc8 19. Rad1 Nc5 20. Nd5 Bxd5 21. exd5 e4 22. Nd2 Bxb2 23. Rb1 Bc3 24. Kg1 Be5 25. Rc6 Rxc6 26. dxc6 Rc8 27. Rc1 Bd4+ 28. Kf1 f6 29. Bh6 g5 30. Rc4 Be3 31. Nxe4 Rxc6 32. Ke2 Bg1 33.
Kf1 Be3 34. Ke2 Bg1 35. Kf1 Bxh2 36. Rxc5 Rxc5 37. Nxc5 Kf7 38. Ne4 Bf4 39. g3 Bc1 40. Ke2 a6 41. a4 Ba3 42. Nxg5+ Kg6 43. Nxh7 Kxh7 44. Bf4 Kg6 45. Kd3 Kf5 46. Bc7 Kg4 47. Bf4 f5 48. Ke2 Bc5 49. Bc7 Bd4 50. Bf4 Bb6 51. Be5 Bc5 52. Bf4 Bd4 53. Bd6 Ba7 54. Bf4 Bb6 55. Be5 Bd8 56. Bd6 Bf6 57. Bc7 Bd4 58. Bf4 Bg1 59. Bc7 Bc5 60. Be5 Be7 61.
Bc7 Bg5 62. Be5 Bd8 63. Bd6 Bb6 64. Be5 Bc5 65. Bc7 Bd4 66. Bd6 Bf6 67. Bc7 Be7 68. Be5 Bf8 69. Bc7 Bh6 70. Bd6 Bg7 71. Bc7 Bd4 72. Bd6 Bb2 73. Bc7 Bc3 74. Bd6 Bd4 75. Bc7 Bb2 76. Bd6 Kg5 77. Kf3 Kf6 78. Bc7 Ke6 79.
Kf4 Bc1+ 80. Kf3 Kd5 81. Bf4 Ba3 82. Bd2 Bd6 83. Bf4 Bf8 84. Bg5 Kc4 85. Kf4 Bd6+ 86.
Kxf5 Bxg3 87. Bd8 Kb4 88. a5 Be1 89. Ke4 Kc4 90. Ke3 Bc3 91. Ke2 Kb3 92. Kd1 Kb2 93. Bb6 Kb1 94. Bd8 Bb4 95. Bb6 Kb2 96. Bc7 Kb3 97. Kc1 Ka4 98. Kb1 Kb5 99. Bd8 Kc6 100. Bb6 Bc5 101. Bxc5 Kxc5 102. Ka1 Kb4 103. Kb1 Kxa5 104. Ka1 Kb4 105. Kb1 a5 106. Ka1 a4 107. Kb1 a3 108.
Ka1 Kb3 109. Kb1 a2+ 110. Ka1 Ka3 1/2-1/2

[Event "*** Titled Tuesday Blitz"]
[Site "Chess.com"]
[Date "2019.04.02"]
[Round "2"]
[White "Zarikovs1999"]
[Black "Koksal06"]
[Result "1-0"]
[WhiteElo "2458"]
[BlackElo "2199"]
[TimeControl "180+2"]
[EndTime "14:27:24 PDT"]
[Termination "Zarikovs1999 won by resignation"]

1. e4 e6 2. d4 d5 3. Bd3 Nf6 4. e5 Nfd7 5. c3 c5 6. Ne2 Nc6 7. Nd2 Be7 8. O-O O-O 9. a3 a5 10. a4 cxd4 11. cxd4 Nb4 12. Bb1 b6 13. Nc3 Ba6 14. Re1 Nd3 15. Re3 Nxc1 16. Qxc1 Rc8 17.
Bd3 Bxd3 18. Rxd3 Nb8 19. Qd1 Nc6 20. Nb5 Nb4 21. Rc3 Rxc3 22. bxc3 Na6 23. Qb3 Qd7 24. Rb1 Qc6 25. Na7 Qc7 26. Qxb6 Qxc3 27. Qxa6 Qxd2 28. Nc6 Bb4 29. Qb5 Bc3 30. Qc5 g6 31. h3 Kg7 32. g3 Rc8 33. Qb6 Qc2 34. Rf1 Bd2 35. Nxa5 Qxa4 36. Nb3 Bb4 37. Nc1 Rc4 38. Nd3 Bc3 39. Qd8 Qa5 40. Qf6+ Kg8 41. Rb1 Rc8 42.
Nc5 Qd8 43. Qf4 Rb8 44. Rb7 Rxb7 45. Nxb7 Qe7 46. Nd6 Bb4 47. Nb5 Qb7 48. Nd6 Qc7 49.
Kg2 Qc2 50. Ne8 Kf8 51. Nf6 Qf5 52. Nxh7+ Kg7 53. Nf6 Qxf4 54. gxf4 Bc3 55. Ne8+ Kf8 56.
Nd6 Bxd4 57. Kf3 Kg7 58. Nb5 Bc5 59. Nc3 Be7 60. Ne2 Kh6 61. Kg4 Bc5 62. f3 Bf2 63. Nc1 d4 64. Nd3 Be3 65. Nc5 Kg7 66. Nd3 Kf8 67.
h4 Ke7 68. h5 gxh5+ 69. Kxh5 Kd7 70. Kg5 Bd2 71. Kf6 Ke8 72. Nc5 Bxf4 73. Nd3 Bg3 74. Nc5 Bh4+ 75. Kg7 Be7 76. Nd3 Bf8+ 77. Kf6 Bh6 78. f4 Kf8 79. f5 exf5 80. Kxf5 Ke7 81. Ke4 Be3 82. Nb4 Ke6 83. Nd5 Bg1 84. Nf4+ Ke7 85.
Nd3 Kd7 86. Nc5+ Kc6 87. Nd3 Kb5 88. Nf4 Kc4 89. Nd3 Bh2 90. Nf2 Kc3 91. Nd3 Bg1 92. Ne1 Bf2 93. Nd3 Be3 94. Ne1 Kd2 95. Nd3 Ke2 96.
Nc5 Bf2 97. Nb3 d3 98. Nc1+ Kd2 99. Nxd3 Bc5 100. Nxc5 Kc3 101. Kf5 Kc4 102. Kf6 1-0

[Event "*** Titled Tuesday Blitz"]
[Site "Chess.com"]
[Date "2019.04.02"]
[Round "3"]
[White "Gr3egor"]
[Black "denizozen"]
[Result "1/2-1/2"]
[WhiteElo "2529"]
[BlackElo "2691"]
[TimeControl "180+2"]
[EndTime "14:29:26 PDT"]
[Termination "Game drawn by agreement"]

1. d4 Nf6 2. c4 a6 3. Nc3 e6 4. e4 d5 5. e5 Ng8 6. Nf3 c6 7. Bd3 f5 8. exf6 Nxf6 9. O-O Bd6 10. Ne5 O-O 11. Bg5 c5 12. Bc2 cxd4 13. Qxd4 1/2-1/2

[Event "*** Titled Tuesday Blitz"]
[Site "Chess.com"]
[Date "2019.04.02"]
[Round "3"]
[White "Bryakin_Mikhail"]
[Black "Medvegy"]
[Result "1/2-1/2"]
[WhiteElo "2733"]
[BlackElo "2543"]
[TimeControl "180+2"]
[EndTime "14:29:46 PDT"]
[Termination "Game drawn by agreement"]

1. d4 d5 2. Nf3 Nf6 3. c4 e6 4. g3 Bb4+ 5. Bd2 Bd6 6. Bg2 O-O 7. O-O c6 8. Qc2 Ne4 9. Rd1 f5 10. Nc3 Nd7 11. Rac1 Qe7 12. Bf4 Bxf4 13. gxf4 Kh8 1/2-1/2

[Event "*** Titled Tuesday Blitz"]
[Site "Chess.com"]
[Date "2019.04.02"]
[Round "3"]
[White "SlavenPastar"]
[Black "Schachmalanders"]
[Result "1-0"]
[WhiteElo "2468"]
[BlackElo "2285"]
[TimeControl "180+2"]
[EndTime "14:30:16 PDT"]
[Termination "SlavenPastar won by resignation"]

1. d4 d5 2. c4 c6 3. Nc3 e6 4. e4 dxe4 5. Nxe4 Bb4+ 6. Bd2 Qxd4 7.
Bxb4 Qxe4+ 8. Be2 Na6 9. Ba5 b6 10. Bc3 f6 11. Nf3 Bd7 12. O-O Nc7 13. Nd4 Ne7 14.
Bf3 Qg6 15. Bh5 1-0

[Event "*** Titled Tuesday Blitz"]
[Site "Chess.com"]
[Date "2019.04.02"]
[Round "3"]
[White "albi1999"]
[Black "krzyzan94"]
[Result "1-0"]
[WhiteElo "2637"]
[BlackElo "2539"]
[TimeControl "180+2"]
[EndTime "14:30:39 PDT"]
[Termination "albi1999 won by resignation"]

1. d4 c5 2. d5 e5 3. c4 d6 4. Nc3 Nf6 5. e4 Nbd7 6. g3 a6 7. a4 h5 8. h4 Be7 9. Bg2 Nf8 10.
Nh3 Ng6 11. Bd2 Bg4 12. Qb3 Rb8 13. f3 Bd7 14. Nf2 Nh7 15. Nfd1 f5 16. exf5 Bxf5 17. Ne3 Bd7 18. Qc2 Nhf8 19. Bh3 Bxh3 20. Rxh3 Bf6 21. Qf5 Qd7 22. Ne4 Ke7 23. Qxd7+ Nxd7 24. Nf5+ Kd8 25. Nfxd6 Ne7 26. Nf7+ Kc7 27. Nxh8 Ra8 1-0

[Event "*** Titled Tuesday Blitz"]
[Site "Chess.com"]
[Date "2019.04.02"]
[Round "3"]
[White "Ginger_GM"]
[Black "Gentlejimmy7"]
[Result "1-0"]
[WhiteElo "2608"]
[BlackElo "2427"]
[TimeControl "180+2"]
[EndTime "14:30:56 PDT"]
[Termination "Ginger_GM won by checkmate"]

1. d4 Nf6 2. Nf3 g6 3. h4 c5 4. d5 e6 5. e4 exd5 6. e5 Ne4 7. Qxd5 f5 8. Ng5 Nxg5 9. Bxg5 Qa5+ 10. Nc3 Bg7 11. Bc4 Rf8 12. O-O-O Nc6 13. Nb5 Bxe5 14.
Qxe5+ Nxe5 15. Nd6# 1-0

[Event "*** Titled Tuesday Blitz"]
[Site "Chess.com"]
[Date "2019.04.02"]
[Round "3"]
[White "Slovak_fighter2000"]
[Black "nochewycandy"]
[Result "1-0"]
[WhiteElo "2475"]
[BlackElo "2351"]
[TimeControl "180+2"]
[EndTime "14:31:02 PDT"]
[Termination "Slovak_fighter2000 won by resignation"]

1. d4 Nf6 2. Bf4 g6 3. Nc3 d5 4. e3 Bg7 5. h4 h6 6. Nf3 Bg4 7. Be2 c6 8. Ne5 Bxe2 9. Qxe2 Nbd7 10. O-O-O Nxe5 11. Bxe5 Qa5 12. Kb1 O-O 13. e4 dxe4 14. Nxe4 Nxe4 15. Qxe4 Bxe5 16. dxe5 Rad8 17. e6 f5 18. Qe3 Kh7 19. Rd7 Rxd7 20. exd7 e5 21. Rd1 Rd8 22. Qb3 h5 23. Qf7+ Kh6 24. a3 b5 25. Rd6 1-0

[Event "*** Titled Tuesday Blitz"]
[Site "Chess.com"]
[Date "2019.04.02"]
[Round "3"]
[White "Shant_Sargsyan"]
[Black "warmoatmeal"]
[Result "1-0"]
[WhiteElo "2938"]
[BlackElo "1787"]
[TimeControl "180+2"]
[EndTime "14:31:05 PDT"]
[Termination "Shant_Sargsyan won by resignation"]

1. b3 e5 2. Bb2 Nc6 3. e3 d5 4. Bb5 Bd6 5. d4 exd4 6. Qxd4 Nf6 7.
Nf3 a6 8. Bxc6+ bxc6 9. Nbd2 O-O 10. Qh4 Bf5 11. Bxf6 Qxf6 12. Qxf6 gxf6 13. Nd4 Bd7 14. c4 Be5 15. O-O-O Bxd4 16. exd4 Rfe8 17. Rhe1 Rxe1 18. Rxe1 Re8 19. Rxe8+ Bxe8 20. Kc2 Kf8 21. Kc3 a5 22. b4 axb4+ 23. Kxb4 Ke7 24. Kc5 Ke6 25. a4 dxc4 26.
Nxc4 Bd7 27. a5 Bc8 28. Kxc6 Ba6 29. Ne3 f5 30. d5+ Ke5 31. Kxc7 f4 32. d6 fxe3 33. fxe3 1-0

[Event "*** Titled Tuesday Blitz"]
[Site "Chess.com"]
[Date "2019.04.02"]
[Round "3"]
[White "Andrew-FB00"]
[Black "chesstatour"]
[Result "0-1"]
[WhiteElo "1843"]
[BlackElo "2016"]
[TimeControl "180+2"]
[EndTime "14:31:08 PDT"]
[Termination "chesstatour won by resignation"]

1. e4 c6 2. c4 d5 3. exd5 cxd5 4. cxd5 Nf6 5. Bb5+ Nbd7 6. Nc3 g6 7. Nge2 Bg7 8. d4 O-O 9. O-O Nb6 10. Qb3 Nfxd5 11. Rd1 Be6 12. Nxd5 Bxd5 13. Qe3 Bxg2 14. Kxg2 Qd5+ 15.
Kg1 Qxb5 16. Nc3 Qd7 17. Ne4 Qg4+ 0-1

[Event "*** Titled Tuesday Blitz"]
[Site "Chess.com"]
[Date "2019.04.02"]
[Round "3"]
[White "SloLev"]
[Black "JSPrepz"]
[Result "1-0"]
[WhiteElo "2502"]
[BlackElo "2723"]
[TimeControl "180+2"]
[EndTime "14:31:44 PDT"]
[Termination "SloLev won by resignation"]

1. e4 e5 2. Nf3 Nc6 3. d4 exd4 4. Nxd4 Nf6 5. Nc3 Bb4 6. Nxc6 bxc6 7. Bd3 O-O 8. O-O d5 9. exd5 Bg4 10. Be2 Bxe2 11.
Nxe2 cxd5 12. Bg5 c6 13. Nd4 Rc8 14. Qf3 Bd6 15. Rfe1 Bc5 16. Nf5 Rb8 17. Rab1 Rb4 18. c3 Ra4 19. a3 Bb6 20. Ne7+ Kh8 21. Bxf6 Qd6 22. Bxg7+ Kxg7 23. Nf5+ 1-0

[Event "*** Titled Tuesday Blitz"]
[Site "Chess.com"]
[Date "2019.04.02"]
[Round "3"]
[White "scaryninja"]
[Black "Off-War"]
[Result "0-1"]
[WhiteElo "2448"]
[BlackElo "2621"]
[TimeControl "180+2"]
[EndTime "14:31:44 PDT"]
[Termination "Off-War won by checkmate"]

1. e4 e5 2. Nf3 Nc6 3. Bc4 Bc5 4. O-O Nf6 5. d3 a6 6. c3 Ba7 7. Nbd2 h6 8. h3 d6 9. Re1 g5 10. Nh2 h5 11. Ndf1 Rg8 12. Be3 Bxe3 13. Rxe3 Be6 14.
Bxe6 fxe6 15. Ng3 g4 16. hxg4 Nxg4 17. Nxg4 hxg4 18. d4 Qg5 19. d5 exd5 20. Qxd5 O-O-O 21. Qe6+ Kb8 22. Qf5 Qh6 23. Qh5 Qg7 24. Nf5 Qf8 25. Qh6 Qf7 26. Rae1 Rh8 27. Qg7 Qh5 28. Rg3 Qh1# 0-1

[Event "*** Titled Tuesday Blitz"]
[Site "Chess.com"]
[Date "2019.04.02"]
[Round "3"]
[White "Atanejhad"]
[Black "samdanov"]
[Result "0-1"]
[WhiteElo "2209"]
[BlackElo "2194"]
[TimeControl "180+2"]
[EndTime "14:31:48 PDT"]
[Termination "samdanov won by resignation"]

1. d4 Nf6 2. Nf3 g6 3. c4 Bg7 4.
Nc3 d5 5. Qb3 dxc4 6. Qxc4 O-O 7. e4 Na6 8. Bf4 c5 9. d5 e6 10.
Rd1 exd5 11. Nxd5 Nxd5 12. Rxd5 Qa5+ 13. Bd2 Qb6 14. Qb3 Re8 15. Bxa6 Qxa6 16. Rxc5 Rxe4+ 17. Be3 Be6 18. Qa3 Ra4 0-1

[Event "*** Titled Tuesday Blitz"]
[Site "Chess.com"]
[Date "2019.04.02"]
[Round "3"]
[White "RitvarsReimanis"]
[Black "Supernotar"]
[Result "1/2-1/2"]
[WhiteElo "2571"]
[BlackElo "2575"]
[TimeControl "180+2"]
[EndTime "14:31:54 PDT"]
[Termination "Game drawn by agreement"]

1. d4 d5 2. c4 dxc4 3. Nf3 Nf6 4. e3 e6 5. Bxc4 a6 6. Bb3 c5 7. O-O Nc6 8. Qe2 cxd4 9. Rd1 Be7 10. exd4 O-O 11. a3 Na5 12. Ba2 b5 13. Bg5 Bb7 14. Nc3 Rc8 15. d5 exd5 16. Nxd5 Bxd5 17. Bxf6 Bxf6 18.
Bxd5 Qb6 19. Rac1 Nc4 20. Bxc4 bxc4 21. Rxc4 Qxb2 22. Qxb2 Bxb2 23. Ra4 Rc3 24. Rxa6 Rxa3 1/2-1/2